 Dungeon Crawl Stone Soup version 0.12.2-17-gc4a24d1 (webtiles) character file.

467 Dalarin the Cudgeler (level 5, 0/46 HPs)
             Began as a Minotaur Berserker on Aug 16, 2013.
             Was a Priest of Trog.
             Splashed by acid (14 damage)
             ... on Level 5 of the Dungeon.
             The game lasted 00:21:14 (2956 turns).

Dalarin the Cudgeler (Minotaur Berserker)           Turns: 2956, Time: 00:21:14

HP   0/46        AC  6     Str 21      XL: 5   Next: 18%
MP   1/1         EV  9     Int  4 (5)  God: Trog [***...]
Gold 306         SH  0     Dex 11      Spells:  0 memorised,  4 levels left

Res.Fire  : . . .   See Invis. : .   a - +0 mace
Res.Cold  : . . .   Warding    : .   f - +1 ring mail
Life Prot.: . . .   Conserve   : .   (no shield)
Res.Poison: .       Res.Corr.  : .   (helmet restricted)
Res.Elec. : .       Clarity    : .   (no cloak)
Sust.Abil.: . .     Spirit.Shd : .   (no gloves)
Res.Mut.  : .       Stasis     : .   (no boots)
Res.Rott. : .       Ctrl.Telep.: .   (no amulet)
Saprovore : . . .   Flight     : .   (no ring)
                                     (no ring)

@: mildly poisoned, slightly resistant to hostile enchantments, very unstealthy
A: retaliatory headbutt, horns 2, Int +1
a: Burn Spellbooks, Berserk, Trog's Hand, Renounce Religion


You were on level 5 of the Dungeon.
You worshipped Trog.
Trog was greatly pleased with you.
You were not hungry.

You visited 1 branch of the dungeon, and saw 5 of its levels.

You collected 286 gold pieces.

Inventory:

Hand weapons
 a - a +0,+0 mace (weapon)
 d - a +0,+0 dagger
Missiles
 l - 70 darts (quivered)
Armour
 f - a +1 ring mail (worn)
Magical devices
 e - a wand of teleportation (7)
 j - a wand of frost (17) {unknown}
Comestibles
 c - 4 bread rations
 h - a choko
 v - a banana
Scrolls
 k - 3 scrolls of identify
 o - a scroll of recharging
Jewellery
 b - an uncursed ring of fire
 n - an uncursed ring of protection from fire {unknown}
Potions
 g - a potion of restore abilities {unknown}
 i - a potion of speed
 m - a potion of berserk rage {unknown}
 p - a potion of heal wounds {unknown}
 r - a potion of curing {unknown}
 t - a potion of agility


   Skills:
 + Level 4.2 Fighting
 + Level 4.3 Maces & Flails
 + Level 1.7 Throwing
 + Level 3.2 Armour
 + Level 3.1 Dodging
 + Level 1.4 Stealth
 + Level 1.3 Traps


You had 4 spell levels left.
You didn't know any spells.

Dungeon Overview and Level Annotations

Branches:
Dungeon (5/27)
 Temple: D:4-7

Altars:

Shops:
D:4: *


Innate Abilities, Weirdness & Mutations

You reflexively headbutt those who attack you in melee.
You have a pair of horns on your head.
Your mind is acute (Int +1).


Message History

There is an open door here.
You open the door.
There is an open door here.
A jelly comes into view.
The jelly quivers.
You feel sick.
You hit the jelly.
The jelly is lightly wounded.
The jelly hits you but does no damage.
You hit the jelly.
The jelly is lightly wounded.
The jelly hits you.
You are splashed with acid!
The acid burns!
There is an open door here.
Zapping:
e - a crooked glass wand {recharged}
Press: ? - help, Shift-Dir - straight line, f - jelly
Aim: a jelly (lightly wounded)
The jelly looks slightly unstable.
e - a wand of teleportation {zapped: 1} The jelly hits you.
You are splashed with acid!
The acid burns!
You die...

...)).# .# ###...###.########
###.........##...#
..'.....#.#.##...#
###.....#.#.##...#
........<.#.##...#
###...#.#.#.##...#
......(...#.##...################
.......(.....'.J@'...............
#######(#.#.##...##########......
#.# #.###### #.##### #)# ..# #.#
#.###################.#
#...................#.#
###################.#.# #...#
#####


You could see a jelly.

Vanquished Creatures
  A worker ant (D:4)
  3 adders
  A giant mite (D:4)
  9 giant geckos
  4 orcs
  12 goblins
  6 hobgoblins
  8 jackals (D:2)
  9 kobolds
  3 quokkas
  10 bats
  4 giant cockroaches
  6 giant newts
  An orc skeleton (D:4)
  9 rats
86 creatures vanquished.

Notes
Turn   | Place    | Note
--------------------------------------------------------------
     0 | D:1      | Dalarin, the Minotaur Berserker, began the quest for the Orb.
     0 | D:1      | Reached XP level 1. HP: 19/19 MP: 0/0
   266 | D:1      | Reached XP level 2. HP: 19/26 MP: 0/0
   429 | D:1      | Acquired Trog's second power
   647 | D:1      | Reached XP level 3. HP: 30/33 MP: 1/1
   773 | D:2      | Gained mutation: Your mind is acute (Int +1). [potion of gain intelligence]
   822 | D:2      | Reached skill level 1 in Throwing
   834 | D:2      | Reached skill level 4 in Maces & Flails
   963 | D:2      | Reached skill level 1 in Stealth
  1078 | D:2      | Reached skill level 1 in Traps
  1080 | D:2      | Reached XP level 4. HP: 31/39 MP: 1/1
  2336 | D:4      | Found Pnaal's General Store.
  2756 | D:4      | Reached XP level 5. HP: 46/46 MP: 1/1
  2788 | D:5      | Entered Level 5 of the Dungeon
  2956 | D:5      | Splashed by acid

Action                   |  1- 3 |  4- 6 || total
-------------------------+-------+-------++-------
Melee: Mace              |    86 |    83 ||   169
Evoke: Wand              |       |     1 ||     1
  Use: Potion            |     2 |     6 ||     8
       Scroll            |     2 |     7 ||     9
 Stab: Sleeping          |     1 |       ||     1
